 Dungeon Crawl Stone Soup version 0.21.1-1-g345015fe64 (webtiles) character file.

3089 NullDivider the Covert (level 9, 0/63 HPs)
             Began as an Octopode Assassin on May 5, 2018.
             Was an Initiate of Gozag.
             Slain by a wolf (6 damage)
             ... led by Grum
             ... on level 7 of the Dungeon.
             The game lasted 00:31:07 (9384 turns).

NullDivider the Covert (Octopode Assassin)          Turns: 9384, Time: 00:31:08

Health: 0/63       AC:  5    Str: 11    XL:     9   Next: 89%
Magic:  9/9        EV: 17    Int: 16    God:    Gozag
Gold:   794        SH:  0    Dex: 16    Spells: 3/8 levels left

rFire    . . .     SeeInvis .   F - +0 dagger (venom)
rCold    + . .     Gourm    .   (no shield)
rNeg     . . .     Faith    .   o - +0 hat
rPois    .         Spirit   .   L - amulet of regeneration
rElec    .         Reflect  .   r - +4 ring of protection
rCorr    .         Harm     .   u - ring of protection from magic
MR       +++..                  t - ring of protection from cold
Stlth    ++++++....             J - ring of the Mage {Wiz MR++ Int+3}
HPRegen  0.60/turn              (no ring)
MPRegen  0.11/turn              (no ring)
                                (no ring)
                                (no ring)

@: gold aura
A: almost no armour, stealthy swim, amphibious, 8 rings, constrict 8, camouflage
1, gelatinous body 1
a: Potion Petition, Call Merchant, Bribe Branch, Renounce Religion


You were on level 7 of the Dungeon.
You worshipped Gozag.
Gozag was pleased with you.
You were not hungry.

You visited 2 branches of the dungeon, and saw 9 of its levels.
You also visited: Sewer.

You collected 871 gold pieces.
You paid 77 gold pieces to Gozag.

Inventory:

Hand Weapons
 a - a +2 dagger
 b - a +0 blowgun
 F - a +0 dagger of venom (weapon)
 H - a +0 scimitar of electrocution
Missiles
 c - 22 poisoned needles
 d - 5 curare-tipped needles
Armour
 o - a +0 hat (worn)
Jewellery
 k - a cursed ring of loudness {unknown}
 r - a +4 ring of protection (left tentacle)
 t - a ring of protection from cold (on tentacle)
 u - a ring of protection from magic (right tentacle)
 J - the ring of the Mage (on tentacle) {Wiz MR++ Int+3}
   (You took it off a wight on level 7 of the Dungeon)

   [ring of wizardry]

   It improves your spell success rate.
   It affects your intelligence (+3).
   It affects your resistance to hostile enchantments.
 L - an amulet of regeneration (around mantle)
Scrolls
 e - 2 scrolls of random uselessness {unknown}
 g - a scroll of enchant weapon {unknown}
 i - 5 scrolls of blinking
 j - 4 scrolls of remove curse
 m - 4 scrolls of teleportation
 p - 2 scrolls of fear {unknown}
 s - a scroll of amnesia {unknown}
 x - 2 scrolls of magic mapping {unknown}
 y - a scroll of enchant armour {unknown}
 C - 5 scrolls of fog
 E - a scroll of silence {unknown}
 I - a scroll of brand weapon {unknown}
 K - a scroll of immolation {unknown}
Potions
 l - a potion of heal wounds {unknown}
 n - 3 potions of lignification
 v - a potion of ambrosia {unknown}
 w - 7 potions of flight
 A - a potion of berserk rage {unknown}
 B - 3 potions of resistance
 D - a potion of invisibility {unknown}
 M - a potion of might {unknown}
Books
 z - a book of Maledictions

   Spells                             Type                      Level
   a - Corona                         Hexes                        1
   b - Ensorcelled Hibernation        Hexes/Ice                    2
   c - Confuse                        Hexes                        3
   d - Tukima's Dance                 Hexes                        3
   e - Dazzling Spray                 Conjuration/Hexes            3
Comestibles
 f - 11 rations


   Skills:
 * Level 6.3 Fighting
 * Level 6.9 Short Blades
 + Level 4.1 Throwing
 * Level 5.8 Dodging
 + Level 11.3 Stealth
   Level 0.2 Evocations


You had 3 spell levels left.
You knew the following spells:

 Your Spells              Type           Power        Failure   Level  Hunger
a - Ensorcelled Hibernat  Hex/Ice        #.....       16%         2    ###....
b - Confuse               Hex            #.......     28%         3    ####...


Dungeon Overview and Level Annotations

Branches:
Dungeon (8/15)             Temple (1/1) D:5
   Lair: D:8-11

Altars:
Ashenzari
Cheibriados
Dithmenos
Elyvilon
Gozag
Hepliaklqana
Kikubaaqudgha
Makhleb
Okawaru
Ru
Trog
Uskayaw
Vehumet
Wu Jian
Xom
Yredelemnul
The Shining One

Annotations:
D:7 Oravi's ghost, novice MfTm
D:8 Grum


Innate Abilities, Weirdness & Mutations

You cannot wear most types of armour.
You are very stealthy in the water. (Stealth+)
You are amphibious.
You can wear up to eight rings at the same time.
You can use your tentacles to constrict eight enemies at once.
Your skin changes colour to match your surroundings (Stealth+).
Your rubbery body absorbs attacks. (AC +1, EV +1)


Message History

Your grab misses the wolf.
The wolf is lightly wounded.
The wolf misses you.
You hit the wolf but do no damage.
The wolf looks as sick as possible!
You grab the wolf.
The wolf is lightly wounded.
You constrict the wolf. The wolf misses you.
You hit the wolf but do no damage.
The wolf looks as sick as possible!
The wolf is heavily wounded.
You constrict the wolf, but do no damage.
The wolf closely misses you.
You hit the wolf but do no damage. You squeeze the wolf, but do no damage.
The wolf is heavily wounded.
You constrict the wolf. The wolf closely misses you.
You hit the wolf.
The wolf looks as sick as possible!
The wolf is severely wounded.
You constrict the wolf, but do no damage.
The wolf bites you.
You die...
Your body crumbles into a pile of gold.

##### #.##
##...######.##
##..........#.#
##.......####.#.
###.........###...
#(................
#(#).........####.
#h##.......#.# ##.
#@##......##.# #..
#.##.#...###.###.#
#.##..........##.#
#.##.#######..##.#
#.##.# #..##.#
#.##.# #..##)#
#.##.# #..##!#
#.##.#######..##.#
#.................


You could see a wolf.

Vanquished Creatures
  The ghost of Tali the Chopper, an amateur DsBe of Trog (D:4)
  A hungry ghost (D:6)
  5 ogres
  An orc warrior (D:7)
  A phantom (D:4)
  A necrophage (D:7)
  2 wolves (D:7)
  Blork the orc (D:6)
  A bullfrog (D:6)
  A wyvern zombie (D:7)
  4 scorpions
  5 killer bees (D:7)
  6 wights
  3 howler monkeys
  3 crimson imps
  A quasit (D:6)
  A bullfrog skeleton (D:6)
  6 orc priests
  A jelly (D:8)
  5 orc wizards
  An iguana (D:6)
  6 worker ants
  A hound skeleton (D:7)
  8 adders
  A shadow imp (D:8)
  7 oozes
  An adder skeleton (D:4)
  An adder zombie (D:6)
  7 worms
  A dart slug (D:3)
  5 leopard geckos
  28 orcs
  12 bats
  7 giant cockroaches
  8 goblins
  6 hobgoblins
  11 jackals
  5 quokkas
  6 ball pythons
  5 frilled lizards
  9 kobolds
  A quokka skeleton (D:7)
  A quokka zombie (D:8)
  9 rats
197 creatures vanquished.

Notes
Turn   | Place    | Note
-------+----------+-------------------------------------------
     0 | D:1      | NullDivider the Octopode Assassin began the quest for the Orb.
     0 | D:1      | Reached XP level 1. HP: 14/14 MP: 1/1
    68 | D:1      | Reached XP level 2. HP: 19/19 MP: 2/2
    91 | D:1      | Reached skill level 6 in Stealth
   594 | D:1      | Reached XP level 3. HP: 24/24 MP: 3/3
   822 | D:1      | You fall through a shaft!
  1096 | D:2      | Reached skill level 7 in Stealth
  1233 | D:2      | Reached XP level 4. HP: 29/29 MP: 4/4
  1385 | D:2      | Found a snail-covered altar of Cheibriados.
  1910 | D:3      | Reached skill level 8 in Stealth
  1910 | D:3      | Reached XP level 5. HP: 9/34 MP: 5/5
  2612 | D:3      | Reached skill level 9 in Stealth
  2612 | D:3      | Reached XP level 6. HP: 41/41 MP: 6/6
  3432 | D:4      | Found a glowing drain.
  3441 | Sewer    | Entered a sewer
  3964 | D:4      | Reached XP level 7. HP: 39/45 MP: 7/7
  4416 | D:4      | Noticed Tali's ghost (amateur DsBe)
  4444 | D:4      | Killed Tali's ghost
  4444 | D:4      | Reached skill level 10 in Stealth
  4739 | D:4      | Reached XP level 8. HP: 53/53 MP: 8/8
  5126 | D:5      | Entered Level 5 of the Dungeon
  5253 | D:5      | Found a staircase to the Ecumenical Temple.
  5311 | D:4      | Reached skill level 5 in Short Blades
  5789 | D:5      | Found a white marble altar of Elyvilon.
  6095 | D:5      | Found a bloodstained altar of Trog.
  6259 | Temple   | Entered the Ecumenical Temple
  6274 | Temple   | Became a worshipper of Gozag Ym Sagoz the Greedy
  6743 | D:6      | Found a faded altar of an unknown god.
  6743 | D:6      | Found a sacrificial altar of Ru.
  6757 | D:6      | Found a radiant altar of Vehumet.
  6759 | D:6      | Found a faded altar of an unknown god.
  6760 | D:6      | Found a hazy altar of Hepliaklqana.
  6891 | D:6      | Noticed Blork the orc
  6893 | D:6      | Killed Blork the orc
  6913 | D:6      | Reached skill level 5 in Fighting
  6913 | D:6      | Reached XP level 9. HP: 61/61 MP: 9/9
  7474 | D:7      | Noticed Oravi's ghost (novice MfTm)
  7825 | D:7      | Reached skill level 11 in Stealth
  7865 | D:7      | Found a burning altar of Makhleb.
  7882 | D:7      | Reached skill level 5 in Dodging
  8298 | D:7      | Learned a level 2 spell: Ensorcelled Hibernation
  8389 | D:7      | Learned a level 3 spell: Confuse
  8767 | D:8      | Found a hide-covered altar of Uskayaw.
  8767 | D:8      | Noticed a dagger
  8767 | D:8      | Noticed a hand axe
  9209 | D:8      | Noticed Grum
  9384 | D:7      | Slain by a wolf

Skill      XL: |  1  2  3  4  5  6  7  8  9 |
---------------+----------------------------+-----
Stealth        | 6 7 8 9 10 11 | 11.3
Short Blades   | 3 4 5 6 |  6.9
Dodging        | 2 4 5 |  5.8
Fighting       | 3 5 6 |  6.3
Throwing       | 3 4 |  4.1
Evocations     | |  0.2

Action                   |  1- 3 |  4- 6 |  7- 9 || total
-------------------------+-------+-------+-------++-------
Melee: Dagger            |    45 |   186 |   344 ||   575
       Constrict         |     8 |    40 |    52 ||   100
       Tentacles         |     7 |    34 |    76 ||   117
 Fire: Blowgun           |       |       |    30 ||    30
Evoke: Wand              |       |       |     4 ||     4
  Use: Potion            |       |     2 |     5 ||     7
       Scroll            |       |     1 |    10 ||    11
 Stab: Sleeping          |    13 |    30 |    24 ||    67
  Eat: Chunk             |     1 |     9 |     6 ||    16
       Ration            |       |       |     4 ||     4
Armor: Skin              |     2 |    51 |    47 ||   100
Dodge: Dodged            |    21 |    99 |   245 ||   365
